TOP OF THE 1ST |
Portland Evergreens batting - Pitching for Northern Virginia Rainbow Mermaids : RHP Ramón Molina
|
Pitching: RHP Ramón Molina
|
|
Batting: SHB Willie McGirt
|
0-0: Ball 1-0: Foul Ball, location: 2F 1-1: Foul Ball, location: 2F 1-2: Foul Ball, location: 2F 1-2: Foul Ball, location: 2F 1-2: Ball 2-2: Ball 3-2: Base on Balls
|
Batting: LHB John Ennis
|
0-0: Ball 1-0: Ball 2-0: Ball 3-0: Called Strike 3-1: Swinging Strike 3-2: Strikes out swinging
|
Batting: SHB Billy Dotson
|
0-0: Called Strike Willie McGirt steals 2nd base 0-1: Ground out U3 (Groundball, 34S) Willie McGirt to third
|
Batting: LHB Chris Payling
|
0-0: SINGLE (Line Drive, 4MD) Willie McGirt scores
|
Batting: RHB Tae-cho Han
|
0-0: Foul Ball, location: 2F 0-1: Ball 1-1: Ball 2-1: Ground out 6-3 (Groundball, 6S)
|
Top of the 1st over - 1 run, 1 hit, 0 errors, 1 left on base; Portland 1 - Northern Virginia 0 |
BOTTOM OF THE 1ST |
Northern Virginia Rainbow Mermaids batting - Pitching for Portland Evergreens : RHP Gerald Keller
|
Pitching: RHP Gerald Keller
|
|
Batting: LHB Ty Tomblin
|
0-0: Ball 1-0: Reached on error, E6 (Groundball, 6)
|
Batting: LHB Scott Kerin
|
0-0: Swinging Strike 0-1: Ball 1-1: Foul Ball, location: 2F 1-2: Ball 2-2: Grounds into double play, 6-4-3 (Groundball, 6M)
|
Batting: LHB Kyoji Hakoda
|
0-0: Ball 1-0: SINGLE (Groundball, 5D)
|
Batting: SHB Melito Báez
|
0-0: Called Strike 0-1: Ball 1-1: Called Strike 1-2: Strikes out swinging
|
Bottom of the 1st over - 0 runs, 1 hit, 1 error, 1 left on base; Portland 1 - Northern Virginia 0 |
TOP OF THE 2ND |
Portland Evergreens batting - Pitching for Northern Virginia Rainbow Mermaids : RHP Ramón Molina
|
Batting: LHB Dewitt Hopper
|
0-0: Ball 1-0: Ball 2-0: SOLO HOME RUN (Flyball, 9LD), Distance : 345 ft
|
Batting: RHB Nelson Jaramillo
|
0-0: Foul Ball, location: 2F 0-1: Ball 1-1: DOUBLE (Line Drive, 78M)
|
Batting: LHB Adrián Gómez
|
0-0: Ball 1-0: Ball 2-0: Ball 3-0: Base on Balls
|
Batting: RHB Rob Gray
|
0-0: Called Strike 0-1: Ball 1-1: Ball Nelson Jaramillo steals 3rd base Adrián Gómez to second 2-1: Foul Ball, location: 2F 2-2: Ground out U3 (Groundball, 3L)
|
Batting: SHB Willie McGirt
|
0-0: Foul Ball, location: 2F 0-1: Fly out, F8 (Flyball, 8RM) Runner from 3rd tags up, SCORES, throw made
|
Batting: LHB John Ennis
|
0-0: Swinging Strike 0-1: Called Strike 0-2: Ball 1-2: Ball 2-2: Ball 3-2: 2-RUN HOME RUN (Flyball, 9D), Distance : 383 ft
|
Batting: SHB Billy Dotson
|
0-0: SINGLE (Groundball, 34D)
|
Batting: LHB Chris Payling
|
0-0: Ball 1-0: Ball 2-0: Called Strike 2-1: Called Strike 2-2: Foul Ball, location: 2F 2-2: Foul Ball, location: 2F 2-2: Ball 3-2: SINGLE (Groundball, 6MS) (infield hit) Billy Dotson to second
|
Batting: RHB Tae-cho Han
|
0-0: Ball 1-0: Swinging Strike 1-1: Swinging Strike 1-2: Ball 2-2: Ball 3-2: DOUBLE (Groundball, 5L) Billy Dotson scores Chris Payling to third Chris Payling scores
|
Batting: LHB Dewitt Hopper
|
0-0: Ball 1-0: Fly out, F9 (Line Drive, 9D)
|
Top of the 2nd over - 6 runs, 6 hits, 0 errors, 1 left on base; Portland 7 - Northern Virginia 0 |
BOTTOM OF THE 2ND |
Northern Virginia Rainbow Mermaids batting - Pitching for Portland Evergreens : RHP Gerald Keller
|
Batting: LHB Count Dante
|
0-0: Ball 1-0: Ball 2-0: Ball 3-0: Called Strike 3-1: Foul Ball, location: 2F 3-2: Strikes out swinging
|
Batting: RHB Mike Strickland
|
0-0: Called Strike 0-1: Ball 1-1: Called Strike 1-2: Ball 2-2: Ball 3-2: Fly out, F9 (Flyball, 9LS)
|
Batting: SHB Galtero Suárez
|
0-0: Foul Ball, location: 2F 0-1: Ball 1-1: Ball 2-1: Called Strike 2-2: SINGLE (Line Drive, 6D)
|
Batting: SHB Eustacio Tafalla
|
0-0: Called Strike 0-1: Foul Ball, location: 2F 0-2: Ball 1-2: DOUBLE (Line Drive, 9LD) Galtero Suárez to third Runner from 3rd tries for Home, SAFE, no throw
|
Batting: LHB José Ruíz
|
0-0: Called Strike 0-1: Ball 1-1: Ball 2-1: Foul Ball, location: 2F 2-2: SINGLE (Line Drive, 6D) Eustacio Tafalla to third Runner from 3rd tries for Home, SAFE, no throw
|
Batting: LHB Ty Tomblin
|
0-0: Foul Ball, location: 2F 0-1: Foul Ball, location: 2F 0-2: Ground out 1-3 (Groundball, 13)
|
Bottom of the 2nd over - 2 runs, 3 hits, 0 errors, 1 left on base; Portland 7 - Northern Virginia 2 |
TOP OF THE 3RD |
Portland Evergreens batting - Pitching for Northern Virginia Rainbow Mermaids : RHP Ramón Molina
|
Batting: RHB Nelson Jaramillo
|
0-0: Ball 1-0: Called Strike 1-1: Ball 2-1: Fly out, F4 (Flyball, 34D)
|
Batting: LHB Adrián Gómez
|
0-0: Ball 1-0: Ball 2-0: SOLO HOME RUN (Flyball, 9LD), Distance : 354 ft
|
Batting: RHB Rob Gray
|
0-0: Called Strike 0-1: Ball 1-1: Swinging Strike 1-2: Foul Ball, location: 2F 1-2: Fly out, F5 (Popup, 5)
|
Batting: SHB Willie McGirt
|
0-0: Swinging Strike 0-1: Called Strike 0-2: Foul Ball, location: 2F 0-2: Fly out, F9 (Flyball, 9D)
|
Top of the 3rd over - 1 run, 1 hit, 0 errors, 0 left on base; Portland 8 - Northern Virginia 2 |
BOTTOM OF THE 3RD |
Northern Virginia Rainbow Mermaids batting - Pitching for Portland Evergreens : RHP Gerald Keller
|
Batting: LHB Scott Kerin
|
0-0: Called Strike 0-1: Ball 1-1: Called Strike 1-2: Foul Ball, location: 2F 1-2: Ball 2-2: Foul Ball, location: 2F 2-2: Ball 3-2: Foul Ball, location: 2F 3-2: SINGLE (Groundball, 34D)
|
Batting: LHB Kyoji Hakoda
|
0-0: Swinging Strike 0-1: Ball 1-1: Swinging Strike 1-2: Strikes out swinging
|
Batting: SHB Melito Báez
|
0-0: Ball 1-0: Ball 2-0: Ball 3-0: Called Strike 3-1: Ground out U3 (Groundball, 3S) Scott Kerin to second
|
Batting: LHB Count Dante
|
0-0: Called Strike 0-1: Foul Ball, location: 2F 0-2: Foul Ball, location: 2F 0-2: SINGLE (Line Drive, 4MD) Scott Kerin to third Runner from 3rd tries for Home, SAFE, no throw
|
Batting: RHB Mike Strickland
|
0-0: Ball 1-0: Called Strike 1-1: Ground out 5-3 (Groundball, 56S)
|
Bottom of the 3rd over - 1 run, 2 hits, 0 errors, 1 left on base; Portland 8 - Northern Virginia 3 |
TOP OF THE 4TH |
Portland Evergreens batting - Pitching for Northern Virginia Rainbow Mermaids : RHP Ramón Molina
|
Pitching: RHP Guldemunde Geilinger
|
|
Batting: LHB John Ennis
|
0-0: Ball 1-0: Called Strike 1-1: Fly out, F3 (Popup, 23F)
|
Batting: SHB Billy Dotson
|
0-0: Called Strike 0-1: Swinging Strike 0-2: Fly out, F9 (Flyball, 9S)
|
Batting: LHB Chris Payling
|
0-0: Called Strike 0-1: Foul Ball, location: 2F 0-2: Ground out 4-3 (Groundball, 4)
|
Top of the 4th over - 0 runs, 0 hits, 0 errors, 0 left on base; Portland 8 - Northern Virginia 3 |
BOTTOM OF THE 4TH |
Northern Virginia Rainbow Mermaids batting - Pitching for Portland Evergreens : RHP Gerald Keller
|
Batting: SHB Galtero Suárez
|
0-0: Ball 1-0: Called Strike 1-1: Swinging Strike 1-2: Strikes out swinging
|
Batting: SHB Eustacio Tafalla
|
0-0: Called Strike 0-1: Foul Ball, location: 2F 0-2: Ball 1-2: Ball 2-2: Strikes out looking
|
Batting: LHB José Ruíz
|
0-0: Ball 1-0: Ball 2-0: Ball 3-0: Base on Balls
|
Batting: LHB Ty Tomblin
|
0-0: Ground out 4-3 (Groundball, 34D)
|
Bottom of the 4th over - 0 runs, 0 hits, 0 errors, 1 left on base; Portland 8 - Northern Virginia 3 |
TOP OF THE 5TH |
Portland Evergreens batting - Pitching for Northern Virginia Rainbow Mermaids : RHP Guldemunde Geilinger
|
Batting: RHB Tae-cho Han
|
0-0: DOUBLE (Line Drive, 7LD)
|
Batting: LHB Dewitt Hopper
|
0-0: Ball 1-0: Ball 2-0: Swinging Strike 2-1: Foul Ball, location: 2F 2-2: Strikes out looking
|
Batting: RHB Nelson Jaramillo
|
0-0: Ball 1-0: Called Strike 1-1: Ground out 4-3 (Groundball, 4) Tae-cho Han to third
|
Batting: LHB Adrián Gómez
|
0-0: Ball 1-0: Fly out, F8 (Flyball, 8RS)
|
Top of the 5th over - 0 runs, 1 hit, 0 errors, 1 left on base; Portland 8 - Northern Virginia 3 |
BOTTOM OF THE 5TH |
Northern Virginia Rainbow Mermaids batting - Pitching for Portland Evergreens : RHP Gerald Keller
|
Batting: LHB Scott Kerin
|
0-0: Ball 1-0: Foul Ball, location: 2F 1-1: Ball 2-1: Ground out 6-3 (Groundball, 6)
|
Batting: LHB Kyoji Hakoda
|
0-0: Ball 1-0: Fly out, F9 (Flyball, 89D)
|
Batting: SHB Melito Báez
|
0-0: Called Strike 0-1: Ball 1-1: Foul Ball, location: 2F 1-2: Ball 2-2: SINGLE (Flyball, 8LS)
|
Batting: LHB Count Dante
|
0-0: Called Strike 0-1: Ball 1-1: Ball 2-1: Ball 3-1: Called Strike 3-2: Ground out 4-3 (Groundball, 4)
|
Bottom of the 5th over - 0 runs, 1 hit, 0 errors, 1 left on base; Portland 8 - Northern Virginia 3 |
TOP OF THE 6TH |
Portland Evergreens batting - Pitching for Northern Virginia Rainbow Mermaids : RHP Guldemunde Geilinger
|
Batting: RHB Rob Gray
|
0-0: Swinging Strike 0-1: Swinging Strike 0-2: Fly out, F9 (Flyball, 9)
|
Batting: SHB Willie McGirt
|
0-0: Ball 1-0: Called Strike 1-1: Foul Ball, location: 2F 1-2: Foul Ball, location: 2F 1-2: Foul Ball, location: 2F 1-2: Foul Ball, location: 2F 1-2: Ball 2-2: Fly out, F4 (Popup, 4)
|
Batting: LHB John Ennis
|
0-0: Ball 1-0: Ball 2-0: Ball 3-0: Called Strike 3-1: Called Strike 3-2: Foul Ball, location: 2F 3-2: Foul Ball, location: 2F 3-2: Base on Balls
|
Batting: SHB Billy Dotson
|
0-0: Ball 1-0: Ball John Ennis steals 2nd base 2-0: Foul Ball, location: 2F 2-1: Swinging Strike 2-2: Ball 3-2: Strikes out swinging
|
Top of the 6th over - 0 runs, 0 hits, 0 errors, 1 left on base; Portland 8 - Northern Virginia 3 |
BOTTOM OF THE 6TH |
Northern Virginia Rainbow Mermaids batting - Pitching for Portland Evergreens : RHP Gerald Keller
|
Batting: RHB Mike Strickland
|
0-0: Ball 1-0: Ball 2-0: Fly out, F7 (Flyball, 78XD)
|
Pitching: RHP César Albó
|
|
Batting: SHB Galtero Suárez
|
0-0: Ball 1-0: Called Strike 1-1: Foul Ball, location: 2F 1-2: Foul Ball, location: 2F 1-2: Foul Ball, location: 2F 1-2: Foul Ball, location: 2F 1-2: Ball 2-2: Strikes out swinging
|
Batting: SHB Eustacio Tafalla
|
0-0: Foul Ball, location: 2F 0-1: Called Strike 0-2: Foul Ball, location: 2F 0-2: Strikes out swinging
|
Bottom of the 6th over - 0 runs, 0 hits, 0 errors, 0 left on base; Portland 8 - Northern Virginia 3 |
TOP OF THE 7TH |
Portland Evergreens batting - Pitching for Northern Virginia Rainbow Mermaids : RHP Guldemunde Geilinger
|
Batting: LHB Chris Payling
|
0-0: Ball 1-0: Ground out 6-3 (Groundball, 56)
|
Batting: RHB Tae-cho Han
|
0-0: Ball 1-0: Called Strike 1-1: Ball 2-1: Foul Ball, location: 2F 2-2: Fly out, F5 (Popup, 5SF)
|
Batting: LHB Dewitt Hopper
|
0-0: Ball 1-0: Ball 2-0: Called Strike 2-1: DOUBLE (Flyball, 8RXD)
|
Pitching: RHP António Alomar
|
|
Batting: RHB Nelson Jaramillo
|
0-0: Ball 1-0: Ball 2-0: Foul Ball, location: 2F 2-1: Ground out 1-3 (Groundball, 13)
|
Top of the 7th over - 0 runs, 1 hit, 0 errors, 1 left on base; Portland 8 - Northern Virginia 3 |
BOTTOM OF THE 7TH |
Northern Virginia Rainbow Mermaids batting - Pitching for Portland Evergreens : RHP César Albó
|
Now in LF: Shahid Afridi
|
|
Batting: LHB José Ruíz
|
0-0: Called Strike 0-1: Ball 1-1: Ball 2-1: SINGLE (Line Drive, 6D)
|
Batting: LHB Ty Tomblin
|
0-0: Ball 1-0: Ball 2-0: DOUBLE (Groundball, 3L) José Ruíz to third
|
Batting: LHB Scott Kerin
|
0-0: Ball 1-0: Ball 2-0: Ball 3-0: Base on Balls
|
Pitching: RHP Júlio Rodríguez
|
|
Batting: LHB Kyoji Hakoda
|
0-0: Ball 1-0: Ball 2-0: DOUBLE (Line Drive, 3D) José Ruíz scores Ty Tomblin scores Scott Kerin to third
|
Batting: SHB Melito Báez
|
0-0: Ball 1-0: Ball 2-0: Called Strike 2-1: Swinging Strike 2-2: Strikes out swinging
|
Batting: LHB Count Dante
|
0-0: Ball 1-0: Ball 2-0: Ball 3-0: Called Strike 3-1: Called Strike 3-2: Strikes out looking
|
Batting: RHB Mike Strickland
|
0-0: Ball 1-0: Swinging Strike 1-1: Foul Ball, location: 2F 1-2: Ball 2-2: Ground out U3 (Groundball, 3)
|
Bottom of the 7th over - 2 runs, 3 hits, 0 errors, 2 left on base; Portland 8 - Northern Virginia 5 |
TOP OF THE 8TH |
Portland Evergreens batting - Pitching for Northern Virginia Rainbow Mermaids : RHP António Alomar
|
Batting: LHB Adrián Gómez
|
0-0: Fly out, F7 (Line Drive, 78M)
|
Batting: RHB Rob Gray
|
0-0: SINGLE (Line Drive, 8LS)
|
Batting: SHB Willie McGirt
|
0-0: Swinging Strike 0-1: Foul Ball, location: 2F 0-2: Ball 1-2: Ground out 4-3 (Groundball, 34) Rob Gray to second
|
Batting: LHB John Ennis
|
0-0: Ball 1-0: Foul Ball, location: 2F 1-1: Foul Ball, location: 2F 1-2: Ball 2-2: Strikes out swinging
|
Top of the 8th over - 0 runs, 1 hit, 0 errors, 1 left on base; Portland 8 - Northern Virginia 5 |
BOTTOM OF THE 8TH |
Northern Virginia Rainbow Mermaids batting - Pitching for Portland Evergreens : RHP Júlio Rodríguez
|
Now at C: Carlos Cardona
|
|
Now at 1B: Benedict Patel
|
|
Now at SS: Gabriel Díaz
|
|
Batting: SHB Galtero Suárez
|
0-0: Called Strike 0-1: Fly out, F7 (Flyball, 78M)
|
Batting: SHB Eustacio Tafalla
|
0-0: Called Strike 0-1: Ball 1-1: Ball 2-1: Called Strike 2-2: Ground out 1-3 (Groundball, P)
|
Batting: LHB José Ruíz
|
0-0: Called Strike 0-1: Foul Ball, location: 2F 0-2: Foul Ball, location: 2F 0-2: Strikes out looking
|
Bottom of the 8th over - 0 runs, 0 hits, 0 errors, 0 left on base; Portland 8 - Northern Virginia 5 |
TOP OF THE 9TH |
Portland Evergreens batting - Pitching for Northern Virginia Rainbow Mermaids : RHP António Alomar
|
Batting: LHB Gabriel Díaz
|
0-0: Called Strike 0-1: Fly out, F9 (Flyball, 9LM)
|
Batting: LHB Chris Payling
|
0-0: Ball 1-0: Ball 2-0: Foul Ball, location: 2F 2-1: Foul Ball, location: 2F 2-2: SINGLE (Line Drive, 3D)
|
Batting: RHB Tae-cho Han
|
0-0: Called Strike 0-1: Ball 1-1: Called Strike Chris Payling steals 2nd base 1-2: SINGLE (Popup, 4M) Chris Payling to third Runner from 3rd tries for Home, SAFE, no throw
|
Batting: LHB Shahid Afridi
|
0-0: Ball 1-0: Called Strike 1-1: Swinging Strike 1-2: Ball 2-2: Foul Ball, location: 2F 2-2: Ball 3-2: Foul Ball, location: 2F 3-2: Strikes out swinging
|
Batting: RHB Nelson Jaramillo
|
0-0: Called Strike 0-1: Ground out 6-3 (Groundball, 6S)
|
Top of the 9th over - 1 run, 2 hits, 0 errors, 1 left on base; Portland 9 - Northern Virginia 5 |
BOTTOM OF THE 9TH |
Northern Virginia Rainbow Mermaids batting - Pitching for Portland Evergreens : RHP Júlio Rodríguez
|
Batting: LHB Ty Tomblin
|
0-0: Swinging Strike 0-1: Fly out, F7 (Line Drive, 7)
|
Batting: LHB Scott Kerin
|
0-0: Ball 1-0: Ball 2-0: Ball 3-0: Base on Balls
|
Batting: LHB Kyoji Hakoda
|
0-0: Called Strike 0-1: Foul Ball, location: 2F 0-2: Foul Ball, location: 2F 0-2: SINGLE (Groundball, 34S) (infield hit) Scott Kerin to second
|
Batting: SHB Melito Báez
|
0-0: Fielders Choice at 2nd, 5-4 (Groundball, 56) Scott Kerin to third
|
Batting: LHB Count Dante
|
0-0: Ball 1-0: Called Strike 1-1: Ball 2-1: Ball 3-1: SINGLE (Groundball, 56D) Scott Kerin scores Melito Báez to second
|
Pitching: RHP Roberto Calderón
|
|
Batting: RHB Mike Strickland
|
0-0: Called Strike 0-1: Ball 1-1: Fly out, F9 (Line Drive, 9)
|
Bottom of the 9th over - 1 run, 2 hits, 0 errors, 2 left on base; Portland 9 - Northern Virginia 6 |
|